 Dungeon Sprint DCSS version 0.16-a0-4097-gb4d75fa (webtiles) character file.

39 BluebellGnoll the Shield-Bearer (level 3, -1/21 HPs)
             Began as an Octopode Fire Elementalist on Feb 25, 2015.
             Was an Initiate of Vehumet.
             Slain by a naga
             ... wielding a +0 short sword
              (3 damage)
             ... in the Dungeon (Sprint V: "Ziggurat Sprint").
             The game lasted 00:04:33 (284 turns).

BluebellGnoll the Shield-Bearer (OpFE)               Turns: 284, Time: 00:04:33

Health: -1/21      AC:  1    Str: 22    XL:     3   Next: 45%
Magic:  2/7        EV:  6    Int: 36    God:    Vehumet [......]
Gold:   0          SH: 30    Dex: 21    Spells: 3 memorised, 2 levels left

rFire  x . .     SeeInvis +     t - +14 obsidian axe {chop, +Fly Str+3 SInv Curse} (curse)
rCold  . . .     Clarity  .     u - +18 shield of the gong {rElec rN+ MR+ EV-5}
rNeg   + + .     SustAb   .     (helmet restricted)
rPois  +         Gourm    .     (no amulet)
rElec  +         Spirit   .     n - +6 ring of dexterity
rCorr  .         Warding  .     o - +6 ring of dexterity
rMut   .         NoTele   +     p - +6 ring of intelligence
MR     +....                    q - +6 ring of intelligence
Stlth  +++++.....               r - +6 ring of strength
                                s - +6 ring of strength
                                I - ring "Naxtok" {rPois rF- rN+ Int+6 Dex-3 Stlth+}
                                (no ring)

@: mesmerised, very slightly contaminated, constricted, somewhat resistant to
hostile enchantments, quite stealthy
A: almost no armour, amphibious, 8 rings, constrict 8, camouflage 1, gelatinous
body 1
a: Renounce Religion, Evoke Flight


You were in the Dungeon.
You worshipped Vehumet.
Vehumet was noncommittal.
You were not hungry.

You visited 1 branch

Inventory:

Hand weapons
 t - the cursed +14 obsidian axe (weapon) {chop, +Fly Str+3 SInv Curse}
   (You found it in the Dungeon)

   It inflicts extra damage upon your enemies.
   It affects your strength (+3).
   It enhances your eyesight.
   It lets you fly.
   It may recurse itself when equipped.
   It has a curse placed upon it.
 L - a +5 broad axe
Armour
 u - the +18 shield of the gong (worn) {rElec rN+ MR+ EV-5}
   (You found it in the Dungeon)

   It affects your evasion (-5).
   It insulates you from electricity.
   It protects you from negative energy.
   It affects your resistance to hostile enchantments.
Magical staves
 m - an uncursed staff of energy
 M - an uncursed staff of power
Jewellery
 n - a +6 ring of dexterity (left tentacle)
 o - a +6 ring of dexterity (right tentacle)
 p - a +6 ring of intelligence (on tentacle)
 q - a +6 ring of intelligence (on tentacle)
 r - a +6 ring of strength (on tentacle)
 s - a +6 ring of strength (on tentacle)
 I - the ring "Naxtok" (on tentacle) {rPois rF- rN+ Int+6 Dex-3 Stlth+}
   (You found it in the Dungeon)

   [ring of stealth]

   It affects your intelligence (+6).
   It affects your dexterity (-3).
   It makes you vulnerable to fire.
   It protects you from poison.
   It protects you from negative energy.
   It makes you more stealthy.
Magical devices
 a - a wand of disintegration (7)
 j - a wand of fire (5)
 k - a wand of cold (5)
 l - a wand of draining (5)
Scrolls
 i - 4 scrolls of blinking
 x - 4 scrolls of amnesia
 y - 3 scrolls of recharging
 z - 7 scrolls of fog
 A - a scroll of holy word
 B - 5 scrolls of identify
 C - 5 scrolls of remove curse
 D - 2 scrolls of fear
Potions
 d - 10 potions of curing
 e - 10 potions of heal wounds
 f - 6 potions of haste
 g - 7 potions of magic
 h - 3 potions of berserk rage
 E - 2 potions of brilliance
 F - 2 potions of invisibility
 G - 2 potions of restore abilities
 H - 4 potions of resistance
 J - 5 potions of agility
 K - 5 potions of might
Books
 b - a book of Flames

   Spells                             Type                      Level
   a - Flame Tongue                   Conjuration/Fire             1
   b - Throw Flame                    Conjuration/Fire             2
   c - Conjure Flame                  Conjuration/Fire             3
   d - Inner Flame                    Hexes/Fire                   3
   e - Sticky Flame                   Conjuration/Fire             4
   f - Fireball                       Conjuration/Fire             5
Comestibles
 c - 5 bread rations
 v - 42 fruits
 w - 4 meat rations


   Skills:
 - Level 2.0 Dodging
 - Level 2.6 Stealth
 - Level 7.3 Shields
 * Level 3.0 Spellcasting
 * Level 2.0 Conjurations
 + Level 4.1 Fire Magic


You had 2 spell levels left.
You knew the following spells:

 Your Spells              Type           Power        Failure   Level  Hunger
a - Flame Tongue          Conj/Fire      ####.        4%          1    None
b - Throw Flame           Conj/Fire      ####..       8%          2    None
c - Conjure Flame         Conj/Fire      ####....     14%         3    ##.....


Dungeon Overview and Level Annotations

Branches:
Dungeon (1/1)

Altars:
Ashenzari
Cheibriados
Dithmenos
Elyvilon
Fedhas
Gozag
Kikubaaqudgha
Makhleb
Nemelex Xobeh
Okawaru
Qazlal
Ru
Sif Muna
Trog
Vehumet
Xom
Yredelemnul
Zin
The Shining One
Beogh
Jiyva
Lugonu


Innate Abilities, Weirdness & Mutations

You cannot wear most types of armour.
You are amphibious.
You can wear up to eight rings at the same time.
You can use your tentacles to constrict many enemies at once.
Your skin changes colour to match your surroundings (Stealth).
Your rubbery body absorbs attacks (AC +1).


Message History

BONNNG!
You block the water moccasin's attack.
GONNNNG!
You block the naga's attack.
GONNNNG!
The naga grabs you. The naga constricts you.
Unknown command.
You barely miss the water moccasin. You grab the water moccasin.
The water moccasin is lightly wounded.
You hit the naga.
The naga is heavily wounded.
You hit the naga but do no damage. You constrict the water moccasin.
You block the water moccasin's attack.
BOUMMMMG!
You block the water moccasin's attack.
GONNNNG!
The naga hits you with a short sword!
Ouch! That really hurt!
* * * LOW HITPOINT WARNING * * *
You die...

▓▓▓▓▓▓▓▓▓▓▓▓▓
▓.8©8.▓.8©8.▓
▓.\?}.▓.....▓
▓.....▓.....▓
▓.....▓.....▓
▓.NSN.▓..÷..▓
▓..@..▓.....▓
▓.....▓▓▓▓▓▓▓
▓▓▓▓▓▓▓


You could see a water moccasin and 2 nagas.

Vanquished Creatures
  A sheep (D)
  A river rat (D)
2 creatures vanquished.

Notes
Turn   | Place    | Note
--------------------------------------------------------------
     0 | D        | BluebellGnoll, the Octopode Fire Elementalist, began the quest for the Orb.
     0 | D        | Reached XP level 1. HP: 11/11 MP: 3/3
     0 | D        | Found a viscous altar of Jiyva.
     0 | D        | Found a corrupted altar of Lugonu.
     0 | D        | Found a white marble altar of Elyvilon.
     2 | D        | Found a sparkling altar of Nemelex Xobeh.
     2 | D        | Found a burning altar of Makhleb.
     2 | D        | Found a deep blue altar of Sif Muna.
     3 | D        | Found a bloodstained altar of Trog.
     7 | D        | Found an iron altar of Okawaru.
    20 | D        | Found a radiant altar of Vehumet.
    31 | D        | Found a basalt altar of Yredelemnul.
    40 | D        | Found a shimmering altar of Xom.
    49 | D        | Became a worshipper of Vehumet
    54 | D        | Reached skill level 7 in Shields
    54 | D        | Reached XP level 2. HP: 17/17 MP: 4/4
    58 | D        | Learned a level 2 spell: Throw Flame
    60 | D        | Entered arena 1.
    64 | D        | Reached XP level 3. HP: 6/21 MP: 3/7
    69 | D        | Learned a level 3 spell: Conjure Flame
    72 | D        | Got the ring "Naxtok" {rPois rF- rN+ Int+6 Dex-3 Stlth+}
   277 | D        | Entered arena 2.
   277 | D        | Noticed a naga
   277 | D        | Noticed a water moccasin
   277 | D        | Noticed a naga
   284 | D        | Slain by a naga

Action                   || total
-------------------------++-------
Melee: Broad axe         ||     5
 Cast: Throw Flame       ||     1
       Flame Tongue      ||     1
  Use: Potion            ||     1
